cohdb
Replays
Latest Replays
All Replays
Popular Replays
Top Player Replays
Match Explorer
How It Works
Community
CoH3 Stats
Reddit
Sign in to upload your games and track your stats! →
Sign in with Steam
Match 42749048
Unlisted
Match 42749048
Overview
Messages
Build Orders
End
Construct Barracks
Engineer Squad
1⁄4-ton 4x4 Truck
Riflemen Squad
Riflemen Squad
Riflemen Squad
Infantry Support Center
Selects Advanced Infantry Battlegroup
Selects Artillery Observers
M1 Mortar Team
Riflemen Squad
Construct Medical Station
M1 Mortar Team
Selects Convert to Ranger Squad
Artillery Observer Squad
Convert to Ranger Squad
Selects M2A1 105mm Howitzer Emplacement
Grenade Package
AgentFlea
Jabbas
Abeli
xebec.8895
0
0
Comments
sign in to comment!
No comments posted yet!